 Dungeon Crawl Stone Soup version 0.29-a0-509-g793eeb5391 (webtiles) character file.

Game seed: 1256091908497965658

2949 Glafi the Fighter (level 9, -9/86 HPs)
             Began as a Minotaur Fighter on May 27, 2022.
             Was an Initiate of Qazlal.
             Mangled by an 11-headed hydra (11 damage)
             ... on level 7 of the Dungeon on May 29, 2022.
             The game lasted 01:32:16 (7604 turns).

Glafi the Fighter (Minotaur Fighter)                Turns: 7604, Time: 01:32:21

Health: -9/86      AC:  8    Str: 24    XL:     9   Next: 51%
Magic:  10/10      EV: 11    Int:  5    God:    Qazlal [......]
Gold:   286        SH:  5    Dex: 11    Spells: 8/8 levels left

rFire   . . .      SeeInvis .   a - +0 war axe
rCold   . . .      Faith    .   c - +0 buckler
rNeg    . . .      Spirit   .   b - +0 scale mail
rPois   +          Reflect  .   (helmet restricted)
rElec   .          Harm     .   (no cloak)
rCorr   .          Rampage  .   (no gloves)
Will    .....                   (no boots)
Stlth   ..........              (no amulet)
HPRegen 0.24/turn               f - ring of poison resistance
MPRegen 0.12/turn               (no ring)

@: brilliant
A: horns 2, retaliatory headbutt
a: Renounce Religion


You were on level 7 of the Dungeon.
You worshipped Qazlal.
Qazlal was noncommittal.
You visited 2 branches of the dungeon, and saw 8 of its levels.

You collected 286 gold pieces.

Inventory:

Hand Weapons
 a - a +0 war axe (weapon)
Armour
 b - a +0 scale mail (worn)
 c - a +0 buckler (worn)
 e - an orb of light
Jewellery
 f - a ring of poison resistance (left hand)
 v - a ring of wizardry
Scrolls
 d - a scroll of silence {unknown}
 i - a scroll of enchant armour
 j - a scroll of fear
 l - a scroll of poison
Potions
 h - a potion of degeneration {unknown}
 p - a potion of brilliance
 q - a potion of attraction {unknown}
 r - a potion of mutation
 s - 2 potions of flight {unknown}
 t - a potion of magic {unknown}
 u - a potion of heal wounds


   Skills:
 * Level 10.3 Fighting
 - Level 2.4 Axes
 + Level 9.5 Armour
 + Level 4.6 Dodging
 + Level 7.0 Shields
 * Level 3.3 Invocations


You had 8 spell levels left.
You didn't know any spells.
Your spell library contained the following spells:

 Spells                   Type           Power      Damage    Failure   Level
 Summon Small Mammal      Summ           0%         N/A       82%         1
 Ensorcelled Hibernation  Hex/Ice        0%         N/A       91%         2
 Passwall                 Tmut/Erth      0%         N/A       91%         2
 Call Canine Familiar     Summ           0%         N/A       99%         3
 Gell's Gravitas          Tloc           0%         N/A       99%         3
 Lesser Beckoning         Tloc           0%         N/A       99%         3
 Portal Projectile        Hex/Tloc       0%         N/A       99%         3
 Stone Arrow              Conj/Erth      0%         3d7       99%         3
 Summon Guardian Golem    Hex/Summ       0%         N/A       99%         3
 Swiftness                Air            0%         N/A       99%         3
 Teleport Other           Tloc           0%         N/A       99%         3
 Animate Armour           Summ/Erth      0%         N/A       100%        4
 Leda's Liquefaction      Hex/Erth       0%         N/A       100%        4
 Freezing Cloud           Conj/Ice/Air   0%         6-21      100%        5
 Simulacrum               Ice/Necr       0%         N/A       100%        6
 Lehudib's Crystal Spear  Conj/Erth      0%         10d2      100%        8
 Polar Vortex             Ice            0%         N/A       100%        9


Dungeon Overview and Level Annotations

Branches:
Dungeon (7/15)             Temple (1/1) D:6

Altars:
Ashenzari
Dithmenos
Kikubaaqudgha
Makhleb
Nemelex Xobeh
Qazlal
Ru
Trog
Yredelemnul

Shops:
D:4 =


Innate Abilities, Weirdness & Mutations

You have a pair of horns on your head.
You reflexively headbutt those who attack you in melee.


Message History

The nine-headed hydra bites you but does no damage.
You block the nine-headed hydra's attack.
The nine-headed hydra bites you but does no damage.
The nine-headed hydra closely misses you.
The nine-headed hydra bites you but does no damage. x3
You block the nine-headed hydra's attack.
The nine-headed hydra bites you.
The nine-headed hydra closely misses you.
The nine-headed hydra bites you.
The nine-headed hydra bites you but does no damage.
The nine-headed hydra bites you!
The nine-headed hydra barely misses you.
The nine-headed hydra bites you but does no damage.
You slice one of the nine-headed hydra's heads off!
The eight-headed hydra grows two more!
You hit the ten-headed hydra.
The ten-headed hydra is moderately wounded.
The ten-headed hydra completely misses you.
You furiously retaliate!
You headbutt the ten-headed hydra. The ten-headed hydra bites you!
The ten-headed hydra bites you but does no damage.
The ten-headed hydra bites you.
* * * LOW HITPOINT WARNING * * *
The ten-headed hydra bites you!
* * * LOW HITPOINT WARNING * * *
The ten-headed hydra barely misses you.
The ten-headed hydra closely misses you.
The ten-headed hydra bites you.
* * * LOW HITPOINT WARNING * * *
The ten-headed hydra bites you.
* * * LOW HITPOINT WARNING * * *
The ten-headed hydra bites you but does no damage.
Unknown command.
You lop one of the ten-headed hydra's heads off!
The nine-headed hydra grows two more!
You hit the 11-headed hydra. You headbutt the 11-headed hydra.
The 11-headed hydra is lightly wounded.
The 11-headed hydra bites you.
* * * LOW HITPOINT WARNING * * *
You block the 11-headed hydra's attack. The 11-headed hydra bites you!
You die...

#......#..#......#
#......#..#......#
#..#####..#####..#
#......#..# ..#
#......#..# .#
#####..#..# # #$.
#..#..# #?=?#..#..#
# #?.WD@.#..# #
########..####### #
..........#.#...<#.#
#########.#.........
#.#.#.#....#
#.#.#.#..#.#
#.#.#.#.....
#.#.#.#.##.#
#.#.#.#.##.#


You could see a 11-headed hydra and a shadow.

Vanquished Creatures
  Sigmund (D:5)
  A shadow (D:7)
  A steam dragon (D:7)
  Menkaure (D:6)
  An acid dragon (D:7)
  Duvessa (D:7)
  2 black bears
  6 ogres
  A centaur (D:6)
  2 phantoms
  A kobold brigand (D:7)
  2 bullfrogs
  4 scorpions
  A necrophage (D:7)
  Dowan (D:7)
  A jelly (D:6)
  2 orc priests
  4 hounds
  2 gnoll shamans (D:7)
  An orc wizard (D:4)
  An iguana (D:5)
  Robin (D:2)
  14 gnolls
  11 adders
  3 shadow imps
  2 ufetubi (D:7)
  A worm (D:3)
  3 dart slugs
  19 orcs
  4 bats
  5 endoplasms
  3 giant cockroaches
  18 goblins
  9 hobgoblins
  8 jackals
  3 quokkas
  5 ball pythons
  2 frilled lizards
  3 kobolds
  5 rats
156 creatures vanquished.

Vanquished Creatures (others)
  An iguana (D:7)
  A shadow imp (D:7)
  3 plants (D:7)
5 creatures vanquished.

Grand Total: 161 creatures vanquished

Notes
Turn   | Place    | Note
-------+----------+-------------------------------------------
     0 | D:1      | Glafi the Minotaur Fighter began the quest for the Orb.
     0 | D:1      | Reached XP level 1. HP: 19/19 MP: 0/0
   240 | D:1      | Reached XP level 2. HP: 27/27 MP: 1/1
   809 | D:2      | Noticed Robin
   812 | D:2      | Reached skill level 4 in Fighting
   812 | D:2      | Reached XP level 3. HP: 33/33 MP: 2/2
   829 | D:2      | Killed Robin
  1114 | D:2      | Found a sacrificial altar of Ru.
  1123 | D:2      | Found a faded altar of an unknown god.
  1288 | D:2      | Reached XP level 4. HP: 32/41 MP: 3/3
  1798 | D:3      | Reached skill level 1 in Dodging
  1993 | D:3      | Reached XP level 5. HP: 25/47 MP: 4/4
  2314 | D:3      | Reached skill level 5 in Shields
  2522 | D:4      | Found Inodisoa's Jewellery Shoppe.
  2533 | D:4      | Reached skill level 5 in Fighting
  2533 | D:4      | Reached skill level 5 in Armour
  2925 | D:4      | Noticed an ogre
  2938 | D:4      | Killed an ogre
  2939 | D:4      | Reached XP level 6. HP: 15/57 MP: 5/5
  3530 | D:4      | Found an ancient bone altar of Kikubaaqudgha.
  3667 | D:5      | Entered Level 5 of the Dungeon
  3707 | D:5      | Noticed Sigmund
  3716 | D:5      | Killed Sigmund
  3717 | D:5      | Reached skill level 6 in Fighting
  3717 | D:5      | Reached XP level 7. HP: 46/64 MP: 6/6
  3899 | D:4      | HP: 3/64 [ogre/+0 giant club (21)]
  3901 | D:4      | Reached skill level 7 in Fighting
  4833 | D:5      | Reached XP level 8. HP: 38/74 MP: 7/7
  5123 | D:6      | Found a staircase to the Ecumenical Temple.
  5132 | Temple   | Entered the Ecumenical Temple
  5177 | Temple   | Became a worshipper of Qazlal Stormbringer
  5285 | D:6      | Reached skill level 8 in Fighting
  5388 | D:6      | Reached skill level 1 in Invocations
  5756 | D:6      | Noticed Menkaure
  5761 | D:6      | Killed Menkaure
  5762 | D:6      | Reached skill level 9 in Fighting
  5970 | D:6      | Found a burning altar of Makhleb.
  5973 | D:6      | Upgraded the game from 0.29-a0-492-g10b964d8d7 to
                  | 0.29-a0-509-g793eeb5391
  6367 | D:7      | Noticed Dowan
  6368 | D:7      | Noticed Duvessa
  6384 | D:7      | Killed Duvessa
  6384 | D:7      | Killed Dowan
  6385 | D:7      | Reached XP level 9. HP: 34/84 MP: 9/9
  7185 | D:7      | Reached skill level 10 in Fighting
  7598 | D:7      | Noticed a seven-headed hydra
  7603 | D:7      | HP: 2/86 [ten-headed hydra (6)]
  7604 | D:7      | Mangled by an 11-headed hydra

Illustrated notes

Levels and vault maps discovered:
D:1:      psy_arrival_dodecagon, layout_rooms, minmay_ruptured
D:2:      layout_loops_ring, ebering_ecumenical_altar_webs, basic_altar,
          uniq_robin
D:3:      layout_loops_ring
D:4:      layout_basic, nicolae_overflow_crystal_walls, serial_shops,
          nicolae_shop_statue_plus
D:5:      layout_rooms, uniq_sigmund
D:6:      nicolae_BIG_FREAKIN_CUBE, layout_rooms,
          nicolae_overflow_hidden_temple, minmay_temple_entry_drinking_statues,
          uniq_menkaure
D:7:      kennysheep_windowed_halls, layout_basic, nicolae_grassy_gnolls,
          uniq_duvessa
Temple:   dpeg_five_rooms_temple

Skill      XL: |  1  2  3  4  5  6  7  8  9 |
---------------+----------------------------+-----
Shields        | 4 5 6 7 |  7.0
Armour         | 4 5 6 7 8 9 |  9.5
Fighting       | 4 5 6 7 9 10 | 10.3
Dodging        | 1 2 3 4 |  4.6
Invocations    | 2 3 |  3.3
Axes           | |  2.4

Action                   |  1- 3 |  4- 6 |  7- 9 || total
-------------------------+-------+-------+-------++-------
Melee: War axe           |    86 |   125 |   222 ||   433
       Headbutt          |    10 |    19 |    54 ||    83
  Use: Potion            |       |     3 |     4 ||     7
       Scroll            |       |       |    10 ||    10
Armor: Scale mail        |    46 |    48 |   108 ||   202
Dodge: Dodged            |    39 |    65 |   113 ||   217
Block: Buckler           |    17 |    27 |    86 ||   130

Table legend: (Time is in decaauts)
 A = Elapsed time spent in this place.
 B = Non-inter-level travel time spent in this place.
 C = Inter-level travel time spent in this place.
 D = Time resting spent in this place.
 E = Time spent auto-exploring this place.
 F = Levels seen in this place.
 G = Mean time per level.
                   A        B        C        D        E       F      G
               +--------+--------+--------+--------+--------+-----+--------+
         Total |   7787 |   7583 |    204 |   3062 |   3207 |   8 |  973.4 |
       Dungeon |   7665 |   7505 |    160 |   3062 |   3139 |   7 | 1095.0 |
        Temple |    122 |     78 |     44 |      0 |     68 |   1 |  122.0 |
               +--------+--------+--------+--------+--------+-----+--------+

Top non-repeatable levels by time:
     D:7: 1557 daAuts
     D:4: 1530 daAuts
     D:3: 1256 daAuts
     D:6: 908 daAuts
     D:5: 828 daAuts
     D:1: 816 daAuts
     D:2: 767 daAuts
  Temple: 122 daAuts
